Map: Parroquia abandonada

Players

MrFercho

  • Race: Terran Terran
  • Spawn Location: 6:00

tigro

  • Race: Terran Terran
  • Spawn Location: 6:00

IA (Élite)

  • Race: Protoss Protoss
  • Spawn Location: 12:00

IA (Élite)

  • Race: Protoss Protoss
  • Spawn Location: 3:00

IA (Muy difícil)

  • Race: Protoss Protoss
  • Spawn Location: 12:00

VOD

Have the link to the VOD?

Description

Time

  • Played on: Feb. 9, 2018, 9:04 p.m.
  • Length: 15:40
Show
View Real Time Build Order
Export as new Build Order

MrFercho Terran 

Build Orders: Mech 

Get SALT Encoding   

  12  0:02  SCV  
  13  0:14  SCV  
  14  0:23  Supply Depot  
  14  0:28  SCV  
  15  0:40  Refinery  
  15  0:44  SCV  
  16  0:52  Barracks  
  16  0:56  SCV  
  17  1:07  Refinery  
  17  1:10  SCV  
  18  1:20  Supply Depot  
  18  1:22  SCV  
  19  1:35  SCV  
  20  1:42  Engineering Bay  
  20  1:50  Orbital Command  
  20  1:53  Barracks Reactor  
  20  2:06  Supply Depot  
  20  2:21  Factory, SCV  
  21  2:33  Supply Depot, SCV  
  22  2:39  Marine x2  
  24  2:45  SCV  
  25  2:57  SCV  
  26  3:07  Factory Tech Lab  
  26  3:17  Starport  
  26  3:32  Siege Tank  
  29  3:54  Starport  
  29  4:04  Siege Tank  
  29  4:09  Command Center  
  32  4:32  Starport Tech Lab  
  32  5:11  Starport Tech Lab  
  32  5:19  Factory  
  32  5:47  SCV  
  33  5:51  Orbital Command  
  33  5:55  Refinery  
  33  5:59  SCV  
  34  6:09  Sensor Tower  
  34  6:11  Factory, SCV  
  34  6:18  Refinery, Siege Tank  
  38  6:23  SCV  
  39  6:33  Armory, Banshee  
  39  6:36  SCV  
  43  6:40  Sensor Tower  
  43  6:50  Cyclone  
  43  6:53  Barracks  
  46  7:21  Armory  
  43  7:42  Barracks, Factory Tech Lab  
  43  7:47  Barracks Tech Lab  
  43  7:49  Factory Tech Lab  
  43  7:58  Missile Turret  
  43  8:06  Terran Infantry Weapons Level 1  
  43  8:18  Missile Turret  
  43  8:31  Barracks  
  43  8:42  Missile Turret  
  43  8:56  Thor x2  
  43  8:58  Siege Tank  
  58  9:03  Missile Turret  
  58  9:09  SCV x2  
  60  9:21  Supply Depot, SCV  
  60  9:22  SCV  
  60  9:23  Supply Depot  
  62  9:24  Missile Turret  
  62  9:30  Siege Tank  
  65  9:33  SCV  
  65  9:34  SCV  
  67  9:46  SCV  
  54  10:45  Barracks Tech Lab  
  54  10:46  Barracks Tech Lab  
  54  10:48  Thor  
  54  10:49  Thor  
  66  10:50  Siege Tank  
  66  10:54  Banshee x2  
  75  11:07  Marauder x3  
  75  11:08  Marine x2  
  83  11:26  Marine x2  
  85  11:37  Medivac x2  
  63  12:01  Engineering Bay  
  51  12:09  Marauder  
  51  12:10  Marauder x2  
  55  12:19  Hellion  
  55  12:22  Banshee  
  69  12:28  Engineering Bay  
  66  12:31  Marauder  
  55  12:40  Hellion  
Show
View Real Time Build Order
Export as new Build Order

tigro Terran 

Build Orders:  

Get SALT Encoding   

  12  0:06  SCV  
  13  0:18  SCV  
  14  0:23  Supply Depot  
  14  0:32  SCV  
  15  0:41  Refinery  
  15  0:44  SCV  
  16  0:55  Refinery  
  16  0:57  SCV  
  17  1:09  Barracks  
  17  1:15  SCV  
  18  1:27  SCV  
  19  1:57  Marine  
  20  2:12  Supply Depot  
  20  2:15  Marine  
  21  2:26  SCV  
  22  2:33  Marine  
  23  2:37  Engineering Bay  
  23  2:51  Marine  
  22  3:09  Marine  
  23  3:13  Factory  
  23  3:26  Marine  
  23  3:31  Missile Turret  
  24  3:44  Marine  
  25  4:02  Marine  
  26  4:20  Planetary Fortress  
  26  4:34  Command Center  
  26  4:35  Barracks Tech Lab  
  21  4:55  Marauder  
  22  5:09  Factory Tech Lab  
  22  5:15  Combat Shield  
  22  5:17  Marauder  
  24  5:21  Terran Infantry Weapons Level 1  
  24  5:38  Marauder  
  26  5:55  Refinery  
  26  5:58  Refinery  
  26  5:59  Marauder  
  26  6:02  Orbital Command  
  28  6:10  Infernal Pre-Igniter  
  28  6:14  SCV  
  29  6:21  Marauder  
  29  6:45  Marauder  
  31  6:55  Supply Depot  
  31  6:56  Stimpack  
  25  7:14  Marauder  
  25  7:15  Terran Infantry Armor Level 1  
  25  7:19  Siege Tank  
  28  7:35  Marauder, Armory  
  30  7:50  SCV  
  31  7:57  Marauder  
  33  8:02  SCV  
  32  8:18  Marauder  
  30  8:35  Concussive Shells  
  30  8:40  Marauder  
  32  8:43  Starport  
  32  8:44  Terran Vehicle Weapons Level 1  
  32  9:01  Marauder  
  34  9:09  Neosteel Armor  
  34  9:22  Marauder  
  36  9:31  SCV  
  37  9:43  SCV  
  37  9:44  Marauder  
  36  9:51  Medivac  
  36  9:56  SCV  
  37  10:05  Marauder  
  35  10:08  SCV  
  34  10:15  Missile Turret  
  34  10:20  SCV  
  35  10:26  Marauder  
  37  10:34  Starport Tech Lab  
  37  10:39  Terran Vehicle And Ship Armor Level 1  
  37  10:45  Thor  
  37  10:48  Marauder  
  37  10:49  Neosteel Frame  
  45  11:09  Marauder  
  34  11:29  Weapon Refit  
  32  11:35  Fusion Core  
  30  11:48  Marauder  
  30  11:53  Rapid Reignition System  
  27  12:03  Medivac  
  27  12:08  Hi-Sec Auto Tracking  
  29  12:10  Marauder  
  31  12:33  Terran Ship Weapons Level 1  
  31  12:49  Corvid Reactor  
  31  13:07  Marauder  
  29  13:28  Marauder  
  31  14:02  Supply Depot  
  37  14:42  Supply Depot  
Show
View Real Time Build Order
Export as new Build Order

IA (Élite) Protoss 

Build Orders:  

Get SALT Encoding   

  12  0:01  Probe  
  13  0:13  Probe  
  14  0:21  Pylon  
  14  0:25  Probe  
  15  0:39  Probe  
  16  0:47  Assimilator  
  16  0:51  Gateway, Probe  
  17  1:01  Pylon  
  17  1:03  Probe  
  18  1:15  Probe  
  19  1:27  Probe  
  20  1:39  Probe, Zealot  
  23  1:42  Cybernetics Core  
  23  1:51  Probe  
  24  2:03  Probe  
  24  2:05  Nexus  
  25  2:18  Gateway  
  25  2:25  Pylon  
  25  2:30  Zealot  
  25  2:33  Probe  
  28  2:45  Probe  
  28  2:46  Assimilator  
  29  2:51  Warp Gate  
  29  2:54  Adept  
  29  2:57  Probe  
  32  3:02  Adept  
  34  3:09  Probe  
  35  3:14  Pylon  
  35  3:21  Probe  
  35  3:24  Stalker  
  35  3:26  Probe  
  39  3:33  Probe  
  40  3:39  Probe  
  41  3:45  Probe  
  42  3:49  Adept, Robotics Facility  
  42  3:54  Probe  
  45  3:57  Probe  
  45  3:59  Adept  
  48  4:06  Probe  
  50  4:10  Probe  
  50  4:16  Adept  
  50  4:18  Probe  
  50  4:22  Probe  
  50  4:23  Pylon  
  54  4:31  Probe  
  55  4:34  Probe  
  55  4:36  Immortal  
  60  4:39  Stalker  
  60  4:43  Pylon  
  60  4:44  Probe  
  63  4:46  Probe  
  64  4:54  Stalker  
  64  4:56  Probe  
  64  4:58  Probe  
  68  5:01  Robotics Facility  
  68  5:03  Stalker  
  70  5:13  Probe  
  71  5:15  Probe  
  71  5:16  Immortal  
  75  5:23  Pylon  
  75  5:24  Sentry  
  75  5:25  Pylon, Probe  
  78  5:35  Gateway  
  78  5:41  Stalker, Probe  
  81  5:47  Zealot  
  83  5:51  Pylon  
  83  5:55  Assimilator  
  83  6:00  Assimilator  
  83  6:04  Stalker  
  85  6:06  Forge  
  85  6:07  Sentry  
  87  6:12  Forge, Nexus  
  87  6:20  Probe  
  87  6:21  Probe  
  87  6:25  Protoss Ground Weapons Level 1  
  89  6:27  Stalker  
  89  6:30  Protoss Ground Armor Level 1, Stalker, Pylon  
  89  6:32  Probe  
  94  6:34  Probe  
  95  6:44  Probe  
  96  6:50  Robotics Bay  
  96  7:01  Pylon, Zealot  
  98  7:11  Pylon  
  98  7:14  Observer  
  99  7:17  Gateway  
  99  7:23  Sentry  
  99  7:25  Probe x3  
  99  7:28  Assimilator  
  104  7:34  Pylon  
  104  7:35  Assimilator  
  104  7:37  Colossus, Probe  
  104  7:38  Photon Cannon  
  104  7:39  Probe  
  104  7:40  Probe  
  104  7:44  Twilight Council  
  113  7:49  Probe  
  113  7:51  Probe  
  115  7:53  Probe  
  116  7:59  Pylon  
  116  8:00  Immortal  
  116  8:01  Probe  
  116  8:03  Photon Cannon, Colossus, Probe  
  116  8:05  Probe  
  125  8:11  Pylon  
  125  8:13  Probe  
  125  8:15  Probe  
  125  8:17  Probe  
  128  8:21  Photon Cannon, Blink  
  128  8:22  Protoss Ground Weapons Level 2  
  128  8:25  Photon Cannon, Probe  
  128  8:27  Probe  
  128  8:29  Photon Cannon, Probe  
  128  8:31  Colossus  
  130  8:35  Photon Cannon  
  130  8:37  Probe  
  130  8:39  Photon Cannon  
  131  8:47  Colossus  
  137  8:53  Zealot  
  137  8:55  Zealot  
  141  8:56  Disruptor  
  144  9:07  Pylon  
  144  9:19  Zealot  
  144  9:20  Zealot x2  
  144  9:22  Stalker  
  144  9:31  Pylon  
  144  9:33  Immortal  
  140  9:39  Stalker  
  140  9:40  Sentry  
  140  9:41  Stalker, Immortal  
  140  9:43  Extended Thermal Lance, Photon Cannon  
  148  9:45  Probe  
  146  9:53  Photon Cannon  
  146  9:56  Photon Cannon  
  146  10:00  Photon Cannon  
  146  10:04  Photon Cannon  
  146  10:12  Immortal  
  146  10:13  Stalker  
  152  10:16  Stalker  
  152  10:20  Disruptor  
  157  10:25  Pylon  
  157  10:26  Nexus  
  157  10:37  Zealot  
  157  10:40  Photon Cannon, Zealot  
  161  10:43  Protoss Ground Armor Level 2  
  161  10:51  Warp Prism  
  161  10:53  Charge  
  161  10:55  Pylon  
  161  10:56  Observer  
  164  10:57  Gateway  
  164  11:09  Robotics Facility  
  164  11:12  Zealot  
  164  11:13  Zealot  
  164  11:16  Colossus  
  174  11:21  Zealot  
  174  11:23  Zealot  
  174  11:24  Pylon  
  172  11:26  Warp Prism  
  172  11:32  Zealot  
  168  11:33  Zealot  
  152  11:42  Stalker  
  152  11:43  Zealot  
  152  11:52  Zealot x2  
  152  11:53  Stalker  
  154  11:56  Immortal  
  154  12:01  Probe  
  154  12:03  Stalker, Observer  
  154  12:05  Probe, Zealot  
  154  12:08  Probe x2  
  158  12:12  Stalker  
  158  12:13  Zealot  
  163  12:16  Adept  
  165  12:25  Zealot  
  165  12:26  Zealot  
  165  12:27  Probe  
  169  12:33  Adept  
  169  12:35  Templar Archives, Zealot  
  169  12:36  Stalker, Probe  
  174  12:37  Probe  
  174  12:40  Probe  
  175  12:45  Stalker  
  175  12:47  Zealot  
  179  12:53  Stalker  
  179  12:55  Stalker  
  179  12:57  Pylon  
  183  13:00  Zealot  
  184  13:07  Stalker, Probe  
  184  13:08  Sentry  
  188  13:13  Probe  
  188  13:15  Probe  
  188  13:16  Zealot  
  188  13:18  Zealot  
  192  13:20  High Templar  
  194  13:30  Stalker  
  194  13:31  Zealot  
  198  13:36  High Templar  
  198  13:40  Archon  
  200  13:47  Probe  
  198  13:49  High Templar  
  198  13:54  Probe  
  198  13:55  Probe  
  198  13:57  High Templar  
  198  14:01  Archon  
  200  14:04  Probe x2  
  200  14:06  Photon Cannon, Zealot x2  
  200  14:07  Probe x2  
  200  14:09  Zealot  
  192  14:16  Probe  
  187  14:21  Zealot  
  189  14:26  High Templar, Zealot  
  189  14:29  Stalker, High Templar  
  195  14:31  Probe  
  195  14:36  Immortal  
  187  14:39  Immortal  
  187  14:40  Nexus  
  187  14:41  Sentry  
  181  14:47  Zealot  
  179  14:52  Zealot  
  179  14:58  Sentry  
  183  15:01  Stalker  
  183  15:04  Stalker  
  187  15:07  Zealot  
  187  15:13  Probe, Zealot  
  191  15:22  Zealot  
  191  15:24  Adept  
  191  15:27  Stalker  
  197  15:28  Gateway, Zealot  
  197  15:35  Stargate  
Show
View Real Time Build Order
Export as new Build Order

IA (Élite) Protoss 

Build Orders: Archon Immortal 

Get SALT Encoding   

  12  0:01  Probe  
  13  0:13  Probe  
  14  0:19  Pylon  
  14  0:25  Probe  
  15  0:37  Probe  
  15  0:41  Gateway  
  16  0:49  Assimilator, Probe  
  17  1:01  Pylon, Probe  
  18  1:14  Probe  
  19  1:26  Probe  
  19  1:29  Zealot  
  19  1:30  Cybernetics Core  
  22  1:38  Probe  
  23  1:50  Probe  
  24  2:02  Probe  
  25  2:14  Probe, Nexus  
  26  2:20  Stalker  
  28  2:22  Warp Gate  
  28  2:26  Probe  
  29  2:32  Pylon  
  29  2:38  Probe  
  29  2:44  Gateway  
  30  2:47  Assimilator  
  30  2:50  Probe  
  31  2:52  Adept  
  33  3:02  Probe  
  34  3:07  Pylon  
  34  3:15  Probe  
  34  3:19  Adept  
  35  3:26  Probe  
  39  3:27  Probe  
  39  3:32  Robotics Facility  
  39  3:35  Adept  
  39  3:38  Probe  
  42  3:41  Probe  
  42  3:48  Adept  
  43  3:50  Probe  
  43  3:54  Probe  
  47  4:02  Adept, Probe  
  48  4:06  Probe  
  48  4:09  Pylon  
  51  4:14  Probe  
  51  4:18  Probe  
  51  4:21  Immortal  
  56  4:25  Stalker  
  56  4:26  Probe  
  56  4:30  Probe  
  60  4:31  Pylon  
  60  4:38  Probe  
  60  4:40  Stalker  
  60  4:42  Probe  
  60  4:48  Stalker  
  60  4:51  Probe  
  63  4:54  Probe  
  63  4:58  Robotics Facility  
  64  5:03  Stalker  
  64  5:06  Immortal  
  71  5:07  Probe  
  71  5:08  Probe  
  71  5:12  Adept  
  74  5:16  Pylon  
  74  5:18  Pylon  
  74  5:26  Twilight Council, Stalker  
  76  5:34  Zealot  
  76  5:37  Assimilator  
  76  5:40  Assimilator  
  76  5:48  Gateway  
  76  5:49  Sentry  
  78  5:54  Zealot  
  80  5:58  Pylon  
  80  6:11  Templar Archives  
  80  6:15  Forge  
  80  6:18  Forge  
  80  6:25  Pylon  
  80  6:40  Gateway  
  80  6:43  Nexus, Zealot  
  80  6:44  Stalker  
  84  6:48  High Templar  
  84  6:50  Photon Cannon  
  84  6:53  Protoss Ground Weapons Level 1  
  86  6:54  Pylon  
  84  7:03  Sentry  
  84  7:07  Stalker  
  86  7:11  Warp Prism  
  88  7:17  Photon Cannon  
  88  7:20  Photon Cannon, High Templar, Observer  
  91  7:26  Stalker  
  93  7:30  Stalker  
  93  7:35  Zealot  
  93  7:40  Warp Prism  
  93  7:41  Archon  
  95  7:44  Gateway  
  95  7:49  High Templar  
  97  7:52  Stalker  
  97  7:53  Sentry  
  97  7:55  Photon Cannon, Probe  
  97  7:56  Probe x2  
  104  8:01  Protoss Ground Armor Level 1  
  104  8:06  High Templar  
  104  8:08  Probe x2  
  104  8:09  Probe  
  109  8:20  Probe  
  109  8:21  Probe  
  109  8:22  Probe  
  109  8:23  Archon  
  112  8:30  High Templar  
  112  8:32  Probe  
  112  8:33  Probe  
  116  8:34  Assimilator, Probe  
  116  8:35  Nexus  
  116  8:38  Pylon  
  116  8:40  Zealot  
  116  8:41  Assimilator, Zealot  
  121  8:44  High Templar, Zealot  
  125  8:54  Immortal  
  129  8:56  Archon  
  129  8:57  Probe  
  129  8:59  Pylon  
  129  9:01  Zealot  
  129  9:02  Zealot x2  
  135  9:03  Probe x2  
  135  9:04  Zealot  
  135  9:09  Probe  
  139  9:16  High Templar  
  141  9:17  Probe  
  141  9:18  Probe  
  141  9:20  Pylon  
  141  9:21  Zealot  
  141  9:22  High Templar, Zealot  
  148  9:35  High Templar  
  148  9:39  Immortal x2  
  154  9:49  Stalker, Probe x2  
  154  9:50  Stalker, Probe x2  
  155  9:52  Archon  
  155  9:54  Assimilator  
  155  9:55  High Templar  
  155  9:57  Stalker  
  155  9:58  Pylon  
  157  10:01  Probe  
  157  10:02  Probe  
  157  10:03  Probe x2  
  161  10:08  High Templar  
  161  10:13  Probe  
  164  10:14  Probe  
  164  10:17  Assimilator  
  164  10:18  Observer  
  164  10:19  Stalker, Observer  
  163  10:22  Stalker, Pylon  
  163  10:24  Stalker  
  163  10:27  Stalker  
  164  10:39  Observer  
  164  10:40  Immortal  
  164  10:41  Stalker  
  161  10:56  Stalker, Pylon  
  161  10:57  Archon  
  161  10:58  Archon  
  161  10:59  Stalker  
  161  11:00  Zealot  
  161  11:01  Stalker, Immortal  
  167  11:05  Zealot  
  169  11:19  Immortal, Zealot  
  169  11:20  Zealot  
  169  11:23  Zealot  
  169  11:25  Pylon, Zealot  
  181  11:26  Zealot  
  179  11:39  Stalker  
  181  11:40  Stalker, Immortal  
  181  11:43  Stalker  
  181  11:45  Sentry  
  181  11:47  Stalker, Probe  
  187  11:56  Nexus  
  187  11:58  Immortal  
  179  12:02  Zealot  
  179  12:05  Zealot  
  179  12:06  High Templar  
  179  12:08  Zealot  
  176  12:10  Zealot  
  174  12:19  Observer  
  173  12:23  Adept  
  173  12:26  Sentry  
  173  12:28  Zealot  
  179  12:31  Adept  
  180  12:38  Zealot, Probe, Observer  
  180  12:41  Observer  
  180  12:42  Probe  
  180  12:44  Zealot  
  183  12:48  Zealot  
  183  12:49  Zealot  
  187  12:52  Zealot  
  187  12:54  Protoss Ground Armor Level 2  
  187  12:58  Protoss Ground Weapons Level 2  
  189  12:59  Adept  
  189  13:05  Zealot  
  191  13:07  Photon Cannon  
  191  13:09  Sentry  
  193  13:13  Photon Cannon  
  193  13:15  Psionic Storm  
  193  13:16  Photon Cannon  
  193  13:20  Stalker, Pylon  
  193  13:23  Stalker  
  193  13:24  Pylon  
  193  13:25  Adept  
  193  13:27  Probe  
  199  13:28  Pylon  
  199  13:45  Photon Cannon  
  199  13:49  Photon Cannon  
  199  13:53  Pylon  
  199  13:57  Photon Cannon  
  199  14:01  Photon Cannon  
  199  14:03  Photon Cannon  
  199  14:04  Nexus  
  199  14:09  Pylon  
  199  14:17  Photon Cannon  
  199  14:21  Photon Cannon  
  199  14:26  Photon Cannon  
  199  14:33  Sentry, Photon Cannon  
  199  14:37  Photon Cannon  
  200  14:42  Probe  
  199  14:47  Gateway  
  199  14:57  Photon Cannon  
  199  15:00  Photon Cannon  
  199  15:01  Zealot  
  199  15:08  Photon Cannon  
  199  15:11  Robotics Facility  
  199  15:17  Photon Cannon  
Show
View Real Time Build Order
Export as new Build Order

IA (Muy difícil) Protoss 

Build Orders: 1 Gate Expand, Zealot Archon 

Get SALT Encoding   

  12  0:01  Probe  
  13  0:13  Probe  
  14  0:20  Pylon  
  14  0:25  Probe  
  15  0:38  Probe  
  16  0:50  Probe  
  16  0:51  Gateway  
  17  1:03  Probe  
  18  1:08  Assimilator  
  18  1:13  Pylon  
  18  1:15  Probe  
  19  1:27  Probe  
  20  1:35  Nexus  
  20  1:47  Cybernetics Core  
  20  1:49  Probe  
  21  1:57  Zealot  
  23  2:10  Gateway  
  23  2:11  Probe  
  24  2:21  Pylon  
  24  2:23  Probe  
  24  2:29  Zealot  
  27  2:35  Probe  
  28  2:44  Assimilator  
  28  2:46  Probe  
  28  2:47  Probe  
  28  2:49  Warp Gate  
  30  2:53  Adept  
  32  2:59  Adept  
  32  3:05  Probe  
  35  3:13  Probe  
  35  3:15  Pylon  
  36  3:23  Stalker  
  36  3:24  Probe  
  36  3:26  Probe  
  40  3:36  Probe  
  40  3:38  Probe  
  42  3:44  Adept, Robotics Facility  
  44  3:50  Probe  
  44  3:52  Probe  
  44  3:54  Adept  
  46  4:02  Probe  
  49  4:04  Probe  
  50  4:11  Adept  
  50  4:14  Probe  
  50  4:16  Pylon, Probe  
  54  4:26  Probe  
  54  4:28  Probe  
  56  4:32  Immortal  
  56  4:38  Stalker, Pylon, Probe  
  62  4:40  Probe  
  64  4:49  Stalker  
  64  4:50  Probe  
  67  4:53  Probe  
  67  4:56  Robotics Facility  
  68  5:01  Stalker  
  70  5:09  Probe  
  70  5:11  Immortal, Probe  
  76  5:19  Pylon  
  76  5:21  Pylon  
  76  5:24  Twilight Council  
  76  5:28  Sentry  
  78  5:37  Assimilator  
  78  5:41  Assimilator, Probe  
  79  5:43  Probe  
  80  5:51  Pylon  
  80  5:54  Gateway  
  80  6:00  Probe  
  80  6:02  Zealot  
  83  6:04  Templar Archives, Probe  
  83  6:09  Zealot  
  86  6:12  Probe  
  86  6:16  Pylon, Probe  
  88  6:36  Stalker  
  90  6:40  High Templar  
  90  6:42  Pylon  
  90  6:45  Gateway  
  92  6:48  High Templar  
  92  6:51  Forge  
  92  6:52  Archon  
  94  6:55  Forge  
  94  6:59  High Templar  
  96  7:10  Nexus  
  96  7:12  Sentry  
  98  7:21  Stalker  
  100  7:25  Observer  
  100  7:28  Photon Cannon  
  100  7:29  Photon Cannon, Warp Prism  
  101  7:31  High Templar  
  101  7:32  Pylon  
  101  7:35  Stalker, Archon  
  107  7:40  Stalker  
  109  7:45  Gateway  
  109  7:49  High Templar  
  111  7:56  Pylon  
  111  7:59  Photon Cannon  
  111  8:02  Photon Cannon  
  111  8:03  Photon Cannon, High Templar  
  113  8:07  Archon  
  113  8:17  High Templar  
  115  8:20  Warp Prism  
  115  8:22  Probe  
  115  8:23  Probe x2  
  115  8:26  Pylon  
  120  8:30  Assimilator  
  120  8:32  Pylon, High Templar  
  120  8:34  Assimilator, Probe  
  122  8:35  Probe x2  
  122  8:37  Archon  
  124  8:45  High Templar  
  124  8:46  Probe  
  124  8:47  Probe  
  128  8:49  Probe  
  128  8:55  Photon Cannon  
  129  8:57  Pylon  
  129  8:58  Probe  
  129  8:59  Probe, High Templar  
  129  9:01  Probe  
  134  9:08  High Templar  
  136  9:10  Probe  
  136  9:11  Probe  
  136  9:12  Archon  
  136  9:13  Probe  
  136  9:14  Archon  
  139  9:18  High Templar  
  139  9:20  Zealot  
  139  9:21  Zealot  
  139  9:23  Probe x2  
  150  9:24  Immortal  
  150  9:25  Probe  
  150  9:27  Pylon  
  139  9:32  Zealot  
  139  9:35  Probe  
  139  9:36  Probe  
  119  9:40  Zealot  
  119  9:41  Zealot x2  
  111  9:51  Zealot  
  111  9:52  Zealot  
  106  9:55  Observer  
  106  9:57  Probe  
  107  10:00  Zealot  
  107  10:01  Zealot  
  107  10:02  Sentry  
  107  10:03  Immortal  
  117  10:11  Stalker  
  117  10:12  Zealot  
  121  10:17  Immortal  
  121  10:21  Stalker x2  
  127  10:25  Sentry  
  131  10:32  Stalker  
  131  10:34  Zealot  
  139  10:43  Immortal  
  139  10:44  Adept, Photon Cannon, Stalker  
  139  10:48  High Templar  
  145  10:53  Pylon  
  145  10:55  Adept  
  145  10:56  Stalker, Immortal  
  153  11:01  Archon  
  153  11:05  High Templar  
  153  11:07  High Templar  
  153  11:08  Photon Cannon  
  153  11:10  Photon Cannon  
  157  11:15  Zealot  
  159  11:20  High Templar  
  159  11:21  Pylon, Zealot  
  159  11:22  Immortal  
  154  11:35  Immortal  
  154  11:37  Stalker, Zealot  
  146  11:40  Zealot  
  130  11:52  Zealot  
  112  11:57  Stalker  
  112  12:00  High Templar  
  112  12:01  Observer, Zealot  
  109  12:07  Gateway  
  109  12:09  Photon Cannon  
  109  12:12  Zealot  
  109  12:15  Observer  
  112  12:20  Zealot  
  112  12:21  Zealot  
  120  12:22  Immortal  
  120  12:31  Forge  
  120  12:32  Adept  
  120  12:33  Adept  
  120  12:36  Immortal  
  128  12:37  Nexus  
  128  12:40  Zealot  
  128  12:41  Adept  
  132  12:52  Adept  
  132  12:53  Stalker  
  136  13:01  Zealot  
  136  13:02  Zealot x2  
  136  13:04  Gateway  
  142  13:12  Zealot  
  144  13:16  Zealot  
  146  13:22  Sentry x2, High Templar  
  152  13:31  Archon  
  152  13:32  High Templar  
  154  13:37  Zealot  
  156  13:44  Stalker  
  156  13:45  Zealot  
  156  13:46  Pylon  
  160  13:51  Probe  
  160  13:54  Zealot  
  163  13:57  Pylon, Zealot  
  163  13:58  Zealot  
  163  14:00  Immortal  
  154  14:03  Immortal  
  154  14:05  Stalker  
  154  14:06  Stalker  
  154  14:07  Robotics Facility, High Templar  
  124  14:14  Pylon  
  124  14:15  Sentry, Nexus  
  89  14:17  Stalker  
  89  14:18  Zealot  
  79  14:28  High Templar  
  79  14:29  High Templar  
  66  14:38  Zealot  
  66  14:39  Zealot  
  66  14:40  High Templar, Zealot  
  66  14:43  Probe  
  66  14:44  Probe  
  53  14:53  Probe  
  53  14:59  Pylon, High Templar  
  50  15:01  Stalker, High Templar  
  50  15:02  Sentry  
  47  15:12  Adept  
  36  15:24  High Templar  
  36  15:25  High Templar, Zealot  
  25  15:28  High Templar  
  25  15:32  High Templar  
  9  15:40  High Templar  
Tags
 
Add a new tag
Caveats
  • Supply blocks, unpowered buildings, or Contaminate may cause inaccurate times.
  • Supply counts are checked every 10 seconds.